 Dungeon Crawl Stone Soup version 0.17-a0-1900-g45e8110 (webtiles) character file.

65 derrpe the Gusty (level 3, -3/21 HPs)
             Began as a High Elf Air Elementalist on Sept 24, 2015.
             Killed from afar by Ijyb (6 damage)
             ... with a wand of flame
             ... on level 1 of the Dungeon.
             The game lasted 00:02:22 (1991 turns).

derrpe the Gusty (High Elf Air Elementalist)        Turns: 1991, Time: 00:02:22

Health: -3/21      AC:  2    Str:  7    XL:     3   Next: 94%
Magic:  5/7        EV: 12    Int: 20    God:
Gold:   28         SH:  0    Dex: 15    Spells: 3 memorised, 1 level left

rFire  . . .     SeeInvis .     j - +0 spear
rCold  . . .     Clarity  .     a - +0 robe
rNeg   . . .     SustAt   .     (no shield)
rPois  .         Gourm    .     (no helmet)
rElec  .         Spirit   .     (no cloak)
rCorr  .         Warding  .     (no gloves)
rMut   .         Stasis   .     (no boots)
MR     .....                    (no amulet)
Stlth  ++........               (no ring)
                                (no ring)

@: not resistant to hostile enchantments, unstealthy
A: no striking features
a: no special abilities


You were on level 1 of the Dungeon.
You were hungry.

You visited 1 branch of the dungeon, and saw 2 of its levels.

You collected 28 gold pieces.

Inventory:

Hand weapons
 j - a +0 spear (weapon)
Armour
 a - a +0 robe (worn)
Scrolls
 d - a scroll of fear {unknown}
 e - 3 scrolls of identify {unknown}
 g - a scroll of recharging {unknown}
 h - 3 scrolls of fog {unknown}
 i - a scroll of noise {unknown}
Potions
 k - a potion of degeneration {unknown}
Books
 b - a book of Air

   Spells                             Type                      Level
   a - Shock                          Conjuration/Air              1
   b - Swiftness                      Charms/Air                   2
   c - Repel Missiles                 Charms/Air                   2
   d - Static Discharge               Conjuration/Air              3
   e - Lightning Bolt                 Conjuration/Air              5
Comestibles
 c - 2 bread rations {@e1}


   Skills:
 - Level 2.1 Dodging
 - Level 2.1 Stealth
 + Level 2.4 Spellcasting
 * Level 3.4 Conjurations
 + Level 4.5 Air Magic


You had one spell level left.
You knew the following spells:

 Your Spells              Type           Power        Failure   Level  Hunger
a - Shock                 Conj/Air       ###.         2%          1    #......
b - Repel Missiles        Chrm/Air       ##....       12%         2    ##.....
c - Swiftness             Chrm/Air       ##......     12%         2    ##.....


Dungeon Overview and Level Annotations

Branches:
Dungeon (2/15)

Altars:

Annotations:
D:1 Ijyb


Message History

You strike the helpless Ijyb from a blind spot!
You hit Ijyb.
Ijyb is lightly wounded.
The bat completely misses you. The bat hits you but does no damage.
Ijyb hits you.
You climb upwards.
There is a stone staircase leading down here.
Ijyb zaps a wand.
The puff of flame hits you!
It is a wand of flame.
Ijyb screams, "It's all mine!"
Ijyb zaps a wand.
The puff of flame hits you!
* * * LOW HITPOINT WARNING * * *
Casting: Shock
Confirm with . or Enter, or press ? or * to list all spells.
Aiming: Shock
Press: ? - help, Shift-Dir - straight line, f - Ijyb
Aim: Ijyb, carrying a wand of flame {zapped: 2} (lightly wounded)
The zap hits Ijyb.
Ijyb is moderately wounded.
Ijyb zaps a wand.
The puff of flame hits you!
You die...

#.. ##########..
#...........
#...........
#...........
###########..
#........##..
###########....)...##..
#.....@.>g.............
###########........##..
#........##..
#........##..
#........##..
#........####
#....)...# # ##########
#


You could see Ijyb.

Vanquished Creatures
  A gnoll (D:1)
  3 oozes (D:1)
  3 giant geckos (D:1)
  3 ball pythons
  5 bats (D:1)
  A giant cockroach (D:1)
  3 goblins (D:1)
  6 hobgoblins (D:1)
  5 kobolds
  6 giant newts
  5 rats
41 creatures vanquished.

Vanquished Creatures (others)
  A hobgoblin (D:1)
1 creature vanquished.

Grand Total: 42 creatures vanquished

Notes
Turn   | Place    | Note
--------------------------------------------------------------
     0 | D:1      | derrpe the High Elf Air Elementalist began the quest for the Orb.
     0 | D:1      | Reached XP level 1. HP: 11/11 MP: 4/4
   191 | D:1      | Reached XP level 2. HP: 17/17 MP: 1/6
   343 | D:1      | Reached skill level 4 in Air Magic
   680 | D:1      | Reached XP level 3. HP: 19/21 MP: 0/7
  1336 | D:1      | Learned a level 2 spell: Repel Missiles
  1339 | D:1      | Learned a level 2 spell: Swiftness
  1984 | D:2      | Noticed Ijyb
  1991 | D:1      | Killed from afar by Ijyb

Vault maps used:
D:1:      shiori_arrival_oz, corexii_corridor_pit
D:2:      grunt_gozag_breadcrumbs, first_bread, uniq_sigmund, uniq_iyjb,
          uniq_robin

Action                   || total
-------------------------++-------
Melee: Dagger            ||    13
       Club              ||     9
       Spear             ||     4
 Cast: Shock             ||    83
 Stab: Distracted        ||     1
  Eat: Chunk             ||     3
